 Dungeon Crawl Stone Soup version 0.24-a0-537-g2d01d4a (webtiles) character file.

Game seed: 8798940481859379957

59665 DrEnzyme the Severer (level 14, -1/116 HPs)
             Began as a Demigod Wanderer on Aug 13, 2019.
             Killed from afar by Nikola (27 damage)
             ... with a chain lightning
             ... on level 1 of the Swamp on Aug 14, 2019.
             The game lasted 01:28:54 (24654 turns).

DrEnzyme the Severer (Demigod Wanderer)            Turns: 24654, Time: 01:28:54

Health: -1/116     AC: 21    Str: 20    XL:     14   Next: 18%
Magic:  24/24      EV: 10    Int: 19    God:
Gold:   1210       SH:  7    Dex: 17    Spells: 14/15 levels left

rFire    + + .     SeeInvis +   H - +9 war axe of Uncertain Death {flame, *Noise rPois Int+2 SInv}
rCold    + . .     Gourm    .   n - +2 buckler
rNeg     . . .     Faith    .   w - +2 chain mail of Opilat {+Blink}
rPois    +         Spirit   .   N - +2 helmet
rElec    .         Reflect  .   h - scarf {rC+ rF+}
rCorr    .         Harm     .   (no gloves)
MR       +....                  P - +1 pair of boots
Stlth    ..........             (no amulet)
HPRegen  0.29/turn              e - +3 ring of protection
MPRegen  0.19/turn              O - ring of protection from fire

@: no status effects
A: high mp 1
a: Evoke Blink


You were on level 1 of the Swamp.
You were not hungry.

You visited 5 branches of the dungeon, and saw 22 of its levels.
You also visited: Bailey and Ice Cave.

You collected 2250 gold pieces.
You spent 1040 gold pieces at shops.

Inventory:

Hand Weapons
 b - a +5 whip of electrocution
 H - the +9 war axe of Uncertain Death (weapon) {flame, *Noise rPois Int+2 SInv}
   (You found it on level 6 of the Dungeon)

   It has been specially enchanted to burn those struck by it, causing extra
   injury to most foes and up to half again as much damage against particularly
   susceptible opponents.
   Big, fiery blades are also staple armaments of hydra-hunters.
   It affects your intelligence (+2).
   It protects you from poison.
   It lets you see invisible.
   It may make noises in combat.
 I - the +9 long sword of Cheese {venom, Fragile rN+ Str+4 Dex+8}
   (You found it on level 6 of the Dungeon)

   It poisons the flesh of those it strikes.
   It affects your strength (+4).
   It affects your dexterity (+8).
   It protects you from negative energy.
   It will be destroyed if unequipped.
Missiles
 m - 603 stones
 v - 30 boomerangs
 T - 4 silver javelins (quivered)
Armour
 h - a scarf of resistance (worn)
 n - a +2 buckler (worn)
 t - a +2 cloak of magic resistance
 w - the +2 chain mail of Opilat (worn) {+Blink}
   (You bought it in a shop on level 6 of the Dungeon)

   It lets you blink.
 N - a +2 helmet (worn)
 P - a +1 pair of boots (worn)
 Q - a +1 ring mail of fire resistance
Jewellery
 e - a +3 ring of protection (left hand)
 g - an uncursed ring of resist corrosion
 q - an uncursed ring of flight
 s - an uncursed ring of wizardry
 K - a +4 ring of dexterity
 O - a ring of protection from fire (right hand)
Wands
 y - a wand of digging (4)
 D - a wand of flame (57)
 M - a wand of paralysis (3)
 R - a wand of polymorph (10)
Scrolls
 a - a scroll of fog
 d - 2 scrolls of teleportation
 i - 5 scrolls of identify
 l - 2 scrolls of blinking
 r - a scroll of magic mapping
 u - a scroll of amnesia
 A - 8 scrolls of enchant armour
 B - 5 scrolls of immolation
 E - 9 scrolls of remove curse
 F - 3 scrolls of fear
 J - a scroll of holy word {unknown}
 L - 2 scrolls of silence
 S - a scroll of acquirement
 W - a scroll of enchant weapon
Potions
 c - 2 potions of haste
 j - a potion of magic
 k - 5 potions of curing
 p - 2 potions of might
 x - 3 potions of heal wounds
 z - 3 potions of mutation
 C - 3 potions of ambrosia
 G - 3 potions of degeneration
 U - a potion of agility
 V - a potion of brilliance {unknown}
Miscellaneous
 o - a lamp of fire (inert)
Comestibles
 f - 25 rations


   Skills:
 + Level 8.6 Fighting
   Level 0.4 Short Blades
 * Level 15.5(15.9) Axes
 - Level 6.1(11.9) Maces & Flails
 + Level 1.3 Throwing
 + Level 8.6 Armour
 + Level 3.3 Dodging
 + Level 4.2 Stealth
 + Level 4.4 Shields
 - Level 1.0 Spellcasting
   Level 1.7 Translocations
 + Level 2.2 Earth Magic
 * Level 9.1 Evocations


You had 14 spell levels left.
You knew the following spells:

 Your Spells              Type           Power        Failure   Level  Hunger
a - Sandblast             Erth           #.....       50%         1    ##.....

Your spell library contained the following spells:

 Spells                   Type           Power        Failure   Level  Hunger
 Passwall                 Tmut/Erth      #.......     80%         2    ###....
 Animate Skeleton         Necr           N/A          82%         1    ##.....
 Corona                   Hex            #......      82%         1    ##.....
 Pain                     Necr           #...         82%         1    ##.....
 Slow                     Hex            #.......     91%         2    ###....
 Stone Arrow              Conj/Erth      #.....       95%         3    ####...
 Portal Projectile        Hex/Tloc       #.....       97%         3    ####...
 Inner Flame              Hex/Fire       #.......     99%         3    ####...
 Regeneration             Chrm/Necr      #.........   99%         3    ####...
 Vampiric Draining        Necr           #.........   99%         3    ####...
 Animate Dead             Necr           N/A          100%        4    #####..
 Cause Fear               Hex            #.........   100%        4    #####..
 Leda's Liquefaction      Hex/Erth       #.........   100%        4    #####..
 Petrify                  Tmut/Erth      #.......     100%        4    #####..
 Irradiate                Conj/Tmut      #.........   100%        5    ######.
 Lee's Rapid Deconstruct  Erth           #.........   100%        5    ######.
 Hydra Form               Tmut           #.........   100%        6    #######
 Statue Form              Tmut/Erth      #........    100%        6    #######
 Dragon Form              Tmut           #.........   100%        7    #######


Dungeon Overview and Level Annotations

Branches:
Dungeon (12/15)            Temple (0/1) D:5            Lair (6/6) D:10
  Swamp (1/4) Lair:4       Spider (1/4) Lair:2        Slime (0/5) Lair:5
    Orc (2/2) D:11            Elf (0/3) Orc:2

Shops:
D:4 *   D:6 ?%*[}   D:10 }   D:11 (   D:12 }   Orc:2 *!}*

Annotations:
D:3 1 runed translucent door, exclusion: door, Crazy Yiuf
D:5 2 transporters, bakahatsu's ghost, novice DrIE
D:9 exclusion: downstairs
D:10 exclusion: downstairs
D:11 3 runed translucent doors, exclusion: 3 doors
Lair:4 exclusion: 2 downstairs
Swamp:1 Nikola
Spider:1 Donald


Innate Abilities, Weirdness & Mutations

You have an increased reservoir of magic. (+10% MP)


Message History

Nikola is engulfed in blazing flames.
Nikola gestures at you while chanting. The bolt of lightning hits you!!
A komodo dragon comes into view.
Evoke which item? (* to show all) (? for menu, Esc to quit)
Aiming: Throw Flame
Press: ? - help, Shift-Dir - straight line, f/p - Nikola
Aim: Nikola, wielding a +0 rapier of electrocution, wearing a +0 cloak and wearing a +0 pair of gloves (flame, severely wounded)
The puff of flame hits Nikola!
Nikola is severely wounded.
The komodo dragon hisses angrily.
Nikola is engulfed in blazing flames.
Nikola raves, "Can you feel it? Can you feel it?
CAN YOU FEEL IT?"
Nikola casts a spell.
You hear a mighty clap of thunder!
The lightning arc hits you!!
The lightning arc hits Nikola.
The lightning arc hits you!!
* * * LOW HITPOINT WARNING * * *
The lightning arc hits Nikola.
The lightning arc hits you!!
You die...

......♣ ♣♣.....≈≈≈≈≈≈
.......≈♣♣§..≈≈.≈≈≈≈≈≈
.§.§...≈♣♣♣>≈≈≈♣..≈≈♣
≈.§§≈≈≈≈.♣♣♣.......♣
.≈§§≈≈≈≈.♣≈≈...≈≈≈♣
..§.@≈≈≈..)..≈≈≈≈≈♣
♣.≈§≈)...≈≈≈≈≈≈≈♣
♣.§≈§..........<♣♣
♣≈.§§@≈♣♣≈.♣♣....♣
♣♣♣.≈≈.♣♣♣≈♣♣♣..≈..♣
♣≈≈≈≈..♣♣..≈♣.≈.....≈
♣.[..≈....≈.≈≈≈.♣♣♣..
♣.≈..≈≈≈≈≈≈.≈♣.≈♣ .
...≈≈..≈≈≈≈≈≈.♣♣♣.
≈≈......≈≈≈l≈≈.. ≈≈
≈≈≈≈.≈≈..≈≈≈≈.. ≈≈.
...♣≈≈≈...≈≈≈..


You could see Nikola and a komodo dragon.

Vanquished Creatures
  Rupert (Lair:5)
  Gastronok (D:8)
  A stone giant (Orc:2)
  A fire dragon (Lair:6)
  2 hydras
  Erica (D:8)
  7 two-headed ogres
  2 catoblepae (Lair:6)
  Sonja (Orc:2)
  3 death yaks (Lair:2)
  A deep troll (Orc:2)
  An unseen horror (D:10)
  A swamp dragon (Lair:6)
  An orc knight (Bailey)
  2 lindwurms (Lair:6)
  An orc sorcerer (Orc:2)
  An ugly thing (D:11)
  3 cyclopes
  2 manticores (Lair:6)
  A guardian serpent (D:11)
  9 elephants
  Joseph (D:8)
  Psyche (D:8)
  5 black mambas
  2 torpor snails (Lair:6)
  An ice statue (IceCv)
  9 spiny frogs
  2 rime drakes (Lair:6)
  15 komodo dragons
  5 ice devils (IceCv)
  9 trolls
  2 hornets (Lair:6)
  A polar bear (Lair:6)
  6 blink frogs
  4 dream sheep (Lair:6)
  6 hippogriffs
  A tarantella (Lair:2)
  A vampire (D:8)
  4 basilisks
  27 yaks
  3 steam dragons (Lair:6)
  Menkaure (D:5)
  5 wargs
  13 water moccasins
  2 acid dragons (Lair:6)
  3 porcupines (Lair:5)
  A swamp drake (Lair:6)
  2 sky beasts
  15 orc warriors
  A black bear (D:9)
  11 ice beasts
  A necrophage (D:6)
  29 ogres
  9 wolves
  3 centaurs
  14 crocodiles
  19 bullfrogs
  5 big kobolds
  3 gnoll sergeants (D:11)
  3 scorpions
  4 killer bees (D:9)
  3 wights (D:10)
  A vampire bat (Orc:1)
  An electric eel (Lair:4)
  3 crimson imps
  2 bullfrog zombies
  A centaur zombie (D:8)
  9 hounds
  10 jellies
  3 centaur skeletons
  6 orc priests
  12 orc wizards
  3 bullfrog skeletons
  Jessica (D:3)
  8 iguanas
  6 worker ants
  2 hound skeletons
  A worker ant zombie (D:7)
  7 gnolls
  A howler monkey skeleton (D:8)
  9 adders
  2 shadow imps (D:5)
  8 oozes
  An adder skeleton (D:4)
  2 worms
  2 leopard geckos (D:1)
  42 orcs
  14 bats
  4 giant cockroaches
  8 hobgoblins
  9 jackals
  5 quokkas
  2 ball pythons (D:2)
  3 frilled lizards
  13 goblins
  A jackal zombie (D:7)
  23 kobolds
  3 leopard gecko skeletons
  A quokka skeleton (D:4)
  4 rats
  5 fungi
  4 plants (Lair:6)
537 creatures vanquished.

Vanquished Creatures (others)
  A komodo dragon (Lair:5)
  A porcupine (Lair:5)
  A bush (Lair:2)
  5 fungi
  16 plants
24 creatures vanquished.

Grand Total: 561 creatures vanquished

Notes
Turn   | Place    | Note
-------+----------+-------------------------------------------
     0 | D:1      | DrEnzyme the Demigod Wanderer began the quest for the Orb.
     0 | D:1      | DrEnzyme set off with the following items: a +2 dagger, a
                  | potion of berserk rage, a +0 quarterstaff, a scroll of
                  | teleportation, a +0 robe, a ration
     0 | D:1      | Reached XP level 1. HP: 18/18 MP: 4/4
   589 | D:1      | Reached XP level 2. HP: 26/26 MP: 5/5
  1218 | D:2      | Learned a level 1 spell: Sandblast
  1869 | D:2      | Reached XP level 3. HP: 24/31 MP: 0/6
  2450 | D:3      | Noticed Jessica
  2454 | D:3      | Killed Jessica
  2454 | D:3      | Reached skill level 1 in Maces & Flails
  2454 | D:3      | Reached XP level 4. HP: 38/38 MP: 8/8
  2740 | D:3      | Found a runed translucent door.
  2741 | D:3      | Noticed Crazy Yiuf
  2825 | D:4      | Found Nasug's Assorted Antiques.
  2830 | D:4      | Bought a twisted gilded ring for 140 gold pieces
  3009 | D:4      | Reached skill level 1 in Earth Magic
  3203 | D:4      | Noticed an ogre
  3205 | D:4      | Killed an ogre
  3205 | D:4      | Reached skill level 1 in Armour
  3205 | D:4      | Reached skill level 1 in Shields
  3205 | D:4      | Reached XP level 5. HP: 46/46 MP: 9/9
  3467 | D:4      | Bought a scroll labeled CIG EBIRIA for 28 gold pieces
  3479 | D:5      | Entered Level 5 of the Dungeon
  3484 | D:5      | Reached XP level 6. HP: 51/52 MP: 10/10
  3559 | D:5      | Noticed Menkaure
  3916 | D:6      | Reached XP level 7. HP: 42/58 MP: 8/11
  4070 | D:6      | Found Uxare's General Store.
  4098 | D:6      | Found Noeheon's Food Shop.
  4117 | D:6      | Found Caqipnuh's Antique Armour Shop.
  4139 | D:6      | Noticed a hippogriff
  4152 | D:6      | Killed a hippogriff
  4152 | D:6      | Reached skill level 5 in Maces & Flails
  4152 | D:6      | Reached skill level 1 in Evocations
  4168 | D:6      | Found Soupt's Gadget Boutique.
  4562 | D:5      | Killed Menkaure
  4562 | D:5      | Reached XP level 8. HP: 67/67 MP: 12/12
  4835 | D:5      | Found a transporter.
  4839 | D:5      | Noticed bakahatsu's ghost (novice DrIE)
  4847 | D:5      | Found a transporter.
  4877 | D:5      | Found a staircase to the Ecumenical Temple.
  5302 | D:4      | Bought a murky ruby potion for 25 gold pieces
  5627 | D:6      | Got an ancient war axe
  5628 | D:6      | Identified the +9 war axe of Uncertain Death {flame, *Noise
                  | rPois Int+2 SInv} (You found it on level 6 of the Dungeon)
  5649 | D:6      | Found Ulaushre's Magic Scroll Boutique.
  5707 | D:4      | Bought a glowing inky potion for 25 gold pieces
  5941 | D:6      | Identified the +9 long sword of Cheese {venom, Fragile rN+
                  | Str+4 Dex+8} (You found it on level 6 of the Dungeon)
  6014 | D:7      | Reached skill level 1 in Axes
  6191 | D:7      | Noticed a hippogriff
  6205 | D:7      | Killed a hippogriff
  6205 | D:7      | Reached skill level 2 in Axes
  7179 | D:4      | Bought 2 fizzy dark potions for 50 gold pieces
  7242 | D:8      | Found the +10 Black Knight's horse barding {ponderous,
                  | rPois rN+}
  7282 | D:8      | Reached skill level 3 in Axes
  7282 | D:8      | Reached XP level 9. HP: 58/73 MP: 14/14
  7475 | D:8      | Noticed Erica
  7479 | D:8      | Noticed Joseph
  7483 | D:8      | HP: 3/73 [Joseph/sling bullet (12)]
  7781 | D:8      | Found a burning altar of Makhleb.
  7783 | D:8      | Noticed a cacodemon
  8000 | D:8      | Reached skill level 4 in Axes
  8170 | D:8      | Killed Erica
  8170 | D:8      | Reached skill level 5 in Fighting
  8170 | D:8      | Reached skill level 5 in Axes
  8273 | D:8      | Killed Joseph
  8531 | D:8      | Reached skill level 6 in Axes
  8694 | D:8      | Noticed Psyche
  8703 | D:8      | Killed Psyche
  8725 | D:8      | Noticed Gastronok
  8818 | D:8      | Killed Gastronok
  8818 | D:8      | Reached skill level 7 in Axes
  8818 | D:8      | Reached skill level 5 in Armour
  8818 | D:8      | Reached XP level 10. HP: 11/82 MP: 16/16
  9366 | D:9      | Reached skill level 8 in Axes
  9967 | D:10     | Entered Level 10 of the Dungeon
 10113 | D:6      | Bought a twisted chain mail for 209 gold pieces
 10139 | D:6      | Identified the +2 chain mail of Opilat {+Blink} (You bought
                  | it in a shop on level 6 of the Dungeon)
 10299 | D:10     | Found a staircase to the Lair.
 10311 | D:10     | Noticed a two-headed ogre
 10315 | D:10     | Reached skill level 9 in Axes
 10416 | D:10     | Noticed an unseen horror
 10433 | D:10     | Killed an unseen horror
 10433 | D:10     | Reached skill level 5 in Evocations
 10660 | D:10     | Found Tokuk's Gadget Shop.
 11465 | D:11     | Noticed a guardian serpent
 11475 | D:11     | Killed a guardian serpent
 11475 | D:11     | Reached XP level 11. HP: 49/89 MP: 18/18
 11712 | D:11     | Reached skill level 10 in Axes
 11936 | D:11     | Found a staircase to the Orcish Mines.
 12050 | D:11     | Found Kider's Weapon Shoppe.
 12151 | D:11     | Noticed a two-headed ogre
 12243 | D:11     | Noticed a two-headed ogre
 12379 | D:11     | Killed a two-headed ogre
 12610 | D:11     | Noticed a glowing orange brain
 12611 | D:11     | Found a runed translucent gate.
 12612 | D:11     | Found a runed translucent gate.
 12612 | D:11     | Found a runed translucent gate.
 12648 | D:11     | Killed a two-headed ogre
 12932 | D:10     | Killed a two-headed ogre
 12932 | D:10     | Reached skill level 11 in Axes
 12980 | Lair:1   | Entered Level 1 of the Lair of Beasts
 13332 | D:6      | Bought a runed cloak for 165 gold pieces
 13639 | Lair:2   | Noticed a death yak
 13639 | Lair:2   | Noticed a death yak
 13640 | Lair:2   | Noticed a death yak
 13665 | Lair:2   | Found a hole to the Spider Nest.
 14247 | Lair:2   | Reached XP level 12. HP: 97/97 MP: 20/20
 14589 | Lair:3   | Reached skill level 12 in Axes
 15437 | Lair:4   | Found a staircase to the Swamp.
 15651 | Lair:4   | Found a frozen archway.
 15677 | IceCv    | Entered an ice cave
 15847 | IceCv    | HP: 2/100 [ice devil (20)]
 16747 | Lair:5   | Noticed a six-headed hydra
 16798 | Lair:5   | Noticed Rupert
 17023 | Orc:1    | Entered Level 1 of the Orcish Mines
 17107 | Orc:1    | Reached skill level 13 in Axes
 17183 | Orc:2    | Entered Level 2 of the Orcish Mines
 17183 | Orc:2    | Found a staircase to the Elven Halls.
 17183 | Orc:2    | Noticed Sonja
 17187 | Orc:2    | Noticed a stone giant
 17565 | Orc:1    | Found a flagged portal.
 17646 | Bailey   | Entered a bailey
 17669 | Bailey   | Noticed an orc warlord
 18309 | Orc:2    | Noticed an ogre mage
 18341 | Orc:1    | Found a bloodstained altar of Trog.
 18656 | Orc:2    | Killed a stone giant
 18663 | Orc:2    | Reached XP level 13. HP: 50/105 MP: 17/22
 19501 | Orc:2    | Killed Sonja
 19506 | Orc:2    | Found Viqastro's Gadget Shop.
 19507 | Orc:2    | Found Guicwi's General Store.
 19512 | Orc:2    | Found Voptab's General Store.
 19522 | Orc:2    | Found Wiupp's Distillery.
 19526 | Orc:2    | Bought a potion of heal wounds for 75 gold pieces
 19531 | Orc:2    | Bought a potion of heal wounds for 65 gold pieces
 19531 | Orc:2    | Bought 2 potions of might for 104 gold pieces
 19531 | Orc:2    | Bought a potion of heal wounds for 65 gold pieces
 19531 | Orc:2    | Bought a potion of heal wounds for 65 gold pieces
 19541 | Orc:2    | Bought a scroll of identify for 24 gold pieces
 19542 | Orc:2    | Identified a scroll of acquirement
 19609 | Orc:2    | Reached skill level 14 in Axes
 20367 | Lair:2   | Reached skill level 1 in Throwing
 20811 | Lair:5   | Found a staircase to the Slime Pits.
 20831 | Lair:5   | Paralysed by Rupert for 6 turns
 20839 | Lair:5   | Killed Rupert
 20983 | Lair:6   | Entered Level 6 of the Lair of Beasts
 22302 | Lair:6   | Reached skill level 15 in Axes
 22771 | Lair:6   | Reached XP level 14. HP: 77/115 MP: 24/24
 24158 | Swamp:1  | Entered Level 1 of the Swamp
 24232 | Spider:1 | Entered Level 1 of the Spider Nest
 24232 | Spider:1 | Noticed Donald
 24386 | D:12     | Found Vyqeq Idunna's Gadget Emporium.
 24644 | Swamp:1  | Noticed Nikola
 24654 | Swamp:1  | Killed from afar by Nikola

Levels and vault maps discovered:
D:1:      dpeg_arrival_refuge, layout_basic
D:2:      wander_river, layout_rooms, first_ration
D:3:      layout_rooms, uniq_crazy_yiuf_cottage, uniq_jessica
D:4:      minmay_wonky_spiral, layout_rooms, serial_corexii_hall,
          chequers_hall_statues_corner_a, corexii_hall_statues_t,
          chequers_hall_statues_y, corexii_hall_statues_i, serial_shops, shop,
          ebering_dispersal_statue_hall, kennysheep_small_circle
D:5:      layout_cave_pools, minmay_temple_entry_mist, gammafunk_ghost_smash,
          uniq_menkaure
D:6:      layout_rooms, serial_shops, shop, nicolae_shop_statue_plus,
          nicolae_shop_competitors_out_of_business, shop, shop
D:7:      layout_basic
D:8:      layout_basic, makhleb_altar_promises_db, uniq_psyche, uniq_joseph,
          uniq_erica, uniq_gastronok
D:9:      layout_roguey [special_room_bee]
D:10:     layout_roguey, erik_lair_orcish_takeover, serial_shops, shop,
          hangedman_little_slice_of_home
D:11:     layout_long_grid, kennysheep_orc_monster_closet_entryway,
          serial_shops, kennysheep_little_box,
          ploomutoo_gammafunk_ghost_potion_laboratory,
          nrook_guardian_serpent_ordinary
D:12:     evilmike_diamond_2, layout_rooms, serial_shops, shop,
          serial_bayou_pond_e
Lair:1:   layout_hall_layers
Lair:2:   beast_lair_carwin_large_3, layout_chaotic_city, dummy_spider_entry
Lair:3:   layout_roguey
Lair:4:   layout_long_grid, swamp_mist, portal_ice_cave_entry_ice_beasts,
          wad_woods_road_04, infiniplex_staircase_pool, grunt_megastairs_2
Lair:5:   layout_cave_shapes, nicolae_slime_entry_slimehenge, uniq_rupert
Lair:6:   guppyfry_lair_end_dragon, layout_cave_shapes,
          hangedman_lair_in_review, chequers_serial_rivers_micro_a, st_stairs_9,
          minivault_23
Swamp:1:  layout_basic_swamp, evilmike_swamp_ruin_house_1, swamp_pool4,
          uniq_nikola, uniq_kirke
Spider:1: layout_spider_delve, nicolae_spider_nook, uniq_josephine,
          uniq_jorgrun, uniq_donald
Orc:1:    layout_caves, enter_bailey_3, roderic_batcave, bloody_trog
Orc:2:    st_orc_open, layout_caves, nicolae_orc_rockfall,
          nicolae_orc_lava_tube, uniq_sonja

Skill      XL: |  1  2  3  4  5  6  7  8  9 10 11 12 13 14 |
---------------+-------------------------------------------+-----
Fighting       | 3 4 5 6 7 8 |  8.6
Stealth        | 3 4 |  4.2
Maces & Flails | 1 2 3 4 5 6 |  6.1
Earth Magic    | 1 2 |  2.2
Armour         | 1 2 3 4 5 6 7 8 |  8.6
Shields        | 1 2 3 4 |  4.4
Evocations     | 1 3 4 5 6 7 8 9 |  9.1
Axes           | 3 7 9 11 13 15 | 15.5
Dodging        | 2 3 |  3.3
Throwing       | 1 |  1.3
Short Blades   | |  0.4
Spellcasting   | |  1.0
Translocations | |  1.7

Action                   |  1- 3 |  4- 6 |  7- 9 | 10-12 | 13-15 || total
-------------------------+-------+-------+-------+-------+-------++-------
Melee: Dagger            |    32 |       |       |       |       ||    32
       Whip              |    86 |    82 |   100 |       |       ||   268
       War axe           |       |       |   134 |   709 |   450 ||  1293
Throw: Stone             |       |     1 |     6 |     9 |       ||    16
       Boomerang         |       |       |       |     5 |       ||     5
       Javelin           |       |       |       |     9 |    10 ||    19
 Cast: Sandblast         |    11 |     2 |     3 |       |       ||    16
 Abil: Evoke Blink       |       |       |       |    18 |     2 ||    20
       Evoke Flight      |       |       |       |     2 |     1 ||     3
Evoke: Wand              |       |     2 |     9 |    35 |    26 ||    72
       Lamp of fire      |       |       |       |       |     2 ||     2
  Use: Potion            |     1 |       |     4 |     6 |     2 ||    13
       Scroll            |     7 |     2 |    11 |    12 |     7 ||    39
 Stab: Sleeping          |     3 |       |       |       |       ||     3
       Paralysed         |       |       |       |     1 |     8 ||     9
       Petrified         |       |       |       |       |     6 ||     6
       Petrifying        |       |       |       |       |     3 ||     3
  Eat: Chunk             |     3 |     3 |    13 |    19 |    12 ||    50
       Ration            |     1 |       |     1 |     4 |     3 ||     9
Armor: Robe              |     9 |       |       |       |       ||     9
       Chain mail        |    15 |    29 |   103 |   252 |   185 ||   584
Dodge: Dodged            |    58 |    10 |    58 |   212 |   119 ||   457
Block: Buckler           |       |    18 |    71 |   248 |   122 ||   459

Table legend:
 A = Non-vault XP
 B = Vault XP
 C = Vault XP percentage of total XP
 D = Non-vault monster count
 E = Vault monster count
 F = Vault count percentage of total count
                 A         B        C        D         E       F
            +---------+---------+-------+---------+---------+-------
      Total |   48597 |   36639 |  43.0 |     359 |     169 |  32.0
            +---------+---------+-------+---------+---------+-------
        D:1 |      25 |       0 |   0.0 |      14 |       0 |   0.0
        D:2 |      32 |       0 |   0.0 |      17 |       0 |   0.0
        D:3 |      42 |      37 |  46.8 |      19 |       1 |   5.0
        D:4 |     290 |      16 |   5.2 |       7 |       3 |  30.0
        D:5 |     523 |     172 |  24.7 |      17 |       1 |   5.6
        D:6 |    1431 |       0 |   0.0 |      22 |       0 |   0.0
        D:7 |     733 |       0 |   0.0 |      19 |       0 |   0.0
        D:8 |    1068 |    3946 |  78.7 |      16 |       4 |  20.0
        D:9 |    1622 |      61 |   3.6 |      16 |       1 |   5.9
       D:10 |    2462 |     729 |  22.8 |      19 |      15 |  44.1
       D:11 |    3889 |    2452 |  38.7 |      21 |      21 |  50.0
       D:12 |     797 |       0 |   0.0 |       6 |       0 |   0.0
     Lair:1 |    3105 |       0 |   0.0 |      12 |       0 |   0.0
     Lair:2 |    6827 |    1608 |  19.1 |      25 |       9 |  26.5
     Lair:3 |    1253 |       0 |   0.0 |       5 |       0 |   0.0
     Lair:4 |    4294 |    1223 |  22.2 |      19 |      10 |  34.5
     Lair:5 |    6295 |    3356 |  34.8 |      22 |       8 |  26.7
     Lair:6 |    7051 |   12152 |  63.3 |      28 |      32 |  53.3
      Orc:1 |    3715 |      78 |   2.1 |      33 |      14 |  29.8
      Orc:2 |    3143 |    8050 |  71.9 |      22 |      25 |  53.2
     Bailey |       0 |     685 | 100.0 |       0 |      19 | 100.0
      IceCv |       0 |    2074 | 100.0 |       0 |       6 | 100.0
            +---------+---------+-------+---------+---------+-------
